 Dungeon Crawl Stone Soup version 0.31-a0-818-ge7c7cf74f0 (webtiles) character file.

Game seed: 1008220172519734173

114 Kurtz the Chopper (level 4, -3/31 HPs)
             Began as an Octopode Fighter on Sept 22, 2023.
             Slain by an orc
             ... wielding a +0 flail
              (7 damage)
             ... on level 5 of the Dungeon.
             The game lasted 00:01:18 (1811 turns).

Kurtz the Chopper (Octopode Fighter)                Turns: 1811, Time: 00:01:18

Health: -3/31      AC:  1    Str: 15    XL:     4   Next: 97%
Magic:  13/13      EV: 13    Int: 10    God:
Gold:   95         SH:  4    Dex: 13    Spells: 3/3 levels left

rFire   . . .        a - +0 war axe
rCold   . . .        b - +0 buckler
rNeg    + . .        (helmet restricted)
rPois   .            (no amulet)
rElec   .            g - ring of magical power
rCorr   .            m - ring of positive energy
SInv    .            (no ring)
Will    .....        (no ring)
Stlth   ++           (no ring)
HPRegen 0.25/turn    (no ring)
MPRegen 0.13/turn    (no ring)
                     (no ring)

%: no passive effects
@: mighty
A: almost no armour, amphibious, 8 rings, camouflage 1, gelatinous body 1,
(nimble swimmer 1), tentacles
a: no special abilities


You were on level 5 of the Dungeon.
You visited 1 branch of the dungeon, and saw 4 of its levels.

You collected 95 gold pieces.

Inventory:

Hand Weapons
 a - a +0 war axe (weapon)
Missiles
 o - 6 poisoned darts
Armour
 b - a +0 buckler (worn)
Jewellery
 g - a ring of magical power (left tentacle)
 m - a ring of positive energy (right tentacle)
Scrolls
 e - 4 scrolls of noise {unknown}
 h - a scroll of poison {unknown}
 i - a scroll of revelation {unknown}
 k - 2 scrolls of brand weapon {unknown}
 l - 2 scrolls of enchant armour {unknown}
 n - a scroll of teleportation {unknown}
Potions
 c - 2 potions of might
 d - a potion of heal wounds {unknown}
 f - 4 potions of cancellation {unknown}
 j - a potion of magic {unknown}
 p - a potion of curing {unknown}


   Skills:
 - Level 3.0 Fighting
 * Level 4.5 Axes
 * Level 3.3 Dodging
 * Level 3.2 Shields


You had 3 spell levels left.
You didn't know any spells.
Your spell library contained the following spells:

 Spells                   Type           Power      Damage    Failure   Level
 Necrotise                Necr           0%         1d4       45%         1
 Dazzling Flash           Conj/Hex       0%         N/A       83%         3
 Vampiric Draining        Necr           0%         2d6       83%         3
 Volatile Blastmotes      Fire/Tloc      0%         2d10      83%         3
 Agony                    Necr           0%         N/A       100%        5
 Starburst                Conj/Fire      0%         6d3       100%        6
 Maxwell's Capacitive Co  Air            0%         ∞         100%        8


Dungeon Overview and Level Annotations

Branches:
Dungeon (5/15)
 Temple: D:4-7

Altars:


Innate Abilities, Weirdness & Mutations

You cannot wear most types of armour.
You are amphibious.
You can wear up to eight rings at the same time.
Your skin changes colour to match your surroundings (Stealth+).
Your rubbery body absorbs attacks. (AC +1, EV +1)
((You are camouflaged when in or above water. (Stealth+)))
You have tentacles for arms and can constrict up to eight enemies at once.


Message History

No target in view!
No target in view!
You start resting.
HP restored.
You now have 95 gold pieces (gained 6).
An orc comes into view. It is wielding a +0 hand axe.
An orc is nearby!
An orc and an orc wizard come into view.
The orc shouts!
The orc wizard shouts!
The orc throws a boomerang.
The boomerang closely misses you.
An orc comes into view. It is wielding a +0 flail.
An orc comes into view. It is wielding a +0 club.
The orc throws a boomerang.
You block the boomerang.
The orc wizard points at you and mumbles some strange words.
The magic dart hits you.
Found a ring mail.
The orc throws a boomerang.
The boomerang hits you.
The orc shouts! x2
Unknown command.
The orc wizard casts a spell at you. The magic dart hits you!
You feel very mighty all of a sudden.
You closely miss the orc wizard. You grab the orc wizard.
You constrict the orc wizard, but do no damage.
The orc wizard points at you and mumbles some strange words.
You are confused.
The orc wizard closely misses you.
You barely miss the orc wizard.
You constrict the orc wizard, but do no damage.
The orc wizard barely misses you.
You closely miss the orc wizard. You constrict the orc wizard.
The orc wizard hits you with a +0 dagger.
You barely miss the orc wizard. You squeeze the orc wizard!
You kill the orc wizard!
The orc throws a boomerang.
The boomerang closely misses you.
You bump into the rock wall.
The orc hits you with a +0 flail!
* * * LOW HITPOINT WARNING * * *
You bump into the rock wall.
You feel less confused. The orc hits you with a +0 flail!
You die...

#.##....... ## #.......#.# ..
###.....#.# #. ####.>... # #.
##.[.. ##.###. ##.#. ...o...
#...
[......#######################..
......oo...oooo@................
......o#########################
....... # ....... # #######


You could see 4 orcs.

Vanquished Creatures
  An iguana (D:5)
  An orc wizard (D:5)
  2 adders
  2 dart slugs
  7 ball pythons
  3 endoplasms
  5 giant cockroaches
  A goblin (D:2)
  3 hobgoblins
  2 jackals (D:1)
  A quokka (D:1)
  4 bats
  A frilled lizard (D:1)
  3 kobolds (D:1)
  8 rats
44 creatures vanquished.

Notes
Turn   | Place    | Note
-------+----------+-------------------------------------------
     0 | D:1      | Kurtz the Octopode Fighter began the quest for the Orb.
     0 | D:1      | Reached XP level 1. HP: 16/16 MP: 1/1
   191 | D:1      | Reached XP level 2. HP: 21/21 MP: 2/2
   230 | D:1      | Reached skill level 3 in Axes
   451 | D:1      | Reached XP level 3. HP: 26/26 MP: 3/3
  1709 | D:3      | You fall into a shaft and drop 2 floors!
  1709 | D:5      | Entered Level 5 of the Dungeon
  1718 | D:5      | Reached skill level 4 in Axes
  1718 | D:5      | Reached XP level 4. HP: 27/31 MP: 4/4
  1811 | D:5      | Slain by an orc

Illustrated notes

Levels and vault maps discovered:
D:1:      evilmike_arrival_plus, layout_basic
D:2:      layout_basic
D:3:      layout_basic, supply_closet_lemuel, uniq_crazy_yiuf_cottage
D:5:      layout_rooms, nicolae_qazlal_beasts_of_the_sky, serial_shops,
          shop_statue, uniq_edmund

Skill      XL: |  1  2  3 |
---------------+----------+-----
Axes           | 3 4 |  4.5
Fighting       | |  3.0
Dodging        | |  3.3
Shields        | |  3.2

Action                     |  1- 3 |  4- 6 || total
---------------------------+-------+-------++-------
  Melee: War axe           |    69 |     6 ||    75
         Constrict         |    18 |     2 ||    20
         Tentacles         |    13 |     1 ||    14
    Use: Potion            |       |     1 ||     1
   Stab: Sleeping          |    11 |       ||    11
 Armour: Skin              |    21 |     7 ||    28
  Dodge: Dodged            |    43 |     5 ||    48
  Block: Buckler           |    10 |     1 ||    11

Table legend: (Time is in decaauts)
 A = Elapsed time spent in this place.
 B = Non-inter-level travel time spent in this place.
 C = Inter-level travel time spent in this place.
 D = Time resting spent in this place.
 E = Time spent auto-exploring this place.
 F = Levels seen in this place.
 G = Mean time per level.
                   A        B        C        D        E       F      G
               +--------+--------+--------+--------+--------+-----+--------+
         Total |   1837 |   1694 |    143 |    188 |   1183 |   4 |  459.2 |
       Dungeon |   1837 |   1694 |    143 |    188 |   1183 |   4 |  459.2 |
               +--------+--------+--------+--------+--------+-----+--------+

Top non-repeatable levels by time:
     D:2: 846 daAuts
     D:1: 788 daAuts
     D:5: 104 daAuts
     D:3: 97 daAuts
